 Dungeon Crawl Stone Soup version 0.29.1-12-g30fa7ad0bf (webtiles) character file.

Game seed: 8432154113375095672

494662 growler the Slayer (level 23, 0/267 HPs)
             Began as a Demonspawn Wanderer on Jan 3, 2023.
             Was an Initiate of Gozag.
             Splashed with acid (17 damage)
             ... on level 2 of the Pits of Slime on Jan 4, 2023.
             The game lasted 04:39:02 (67278 turns).

growler the Slayer (Demonspawn Wanderer)           Turns: 67278, Time: 04:39:02

Health: 0/267      AC: 30    Str: 16    XL:     23   Next: 94%
Magic:  36/36      EV: 18    Int: 19    God:    Gozag
Gold:   14083      SH: 15    Dex: 15    Spells: 20/40 levels left

rFire   + + +      SeeInvis +   Q - +8 arc blade {discharge, rElec}
rCold   + + +      Faith    .   C - +2 shield of Resistance {rF++ rC++ Will++}
rNeg    + . .      Spirit   .   (body armour currently unavailable)
rPois   ∞          Reflect  .   (helmet unavailable)
rElec   +          Harm     .   D - scarf {shadows}
rCorr   +          Rampage  .   (gloves currently unavailable)
Will    ++++.                   (boots currently unavailable)
Stlth   +++.......              A - amulet "Yluydapaub" {rElec Regen+ SInv}
HPRegen 1.34/turn               w - +4 ring of evasion
MPRegen 0.25/turn               H - +4 ring of slaying

@: mighty, brilliant, statue-form, resistant, gold aura, hasted, invisible
A: slow and powerful, torment resistance 1, boosted hp, antennae 3, yellow
scales 3, icemail 1, torment resistance 1, condensation shield, demonic magic 2,
demonic willpower
}: 2/15 runes: barnacled, gossamer
a: End Transformation, Renounce Religion, Potion Petition, Call Merchant, Bribe
Branch


You were on level 2 of the Pits of Slime.
You worshipped Gozag.
Gozag was extremely pleased with you.
You were a living statue of rough stone.
You visited 10 branches of the dungeon, and saw 45 of its levels.
You also visited: Bailey.

You collected 25788 gold pieces.
You spent 4121 gold pieces at shops.
You paid 7584 gold pieces to Gozag.

Inventory:

Hand Weapons
 d - a +9 spectral quick blade
 Q - the +8 arc blade (weapon) {discharge, rElec}
   (You took it off a deep elf pyromancer on level 3 of the Elven Halls)

   It occasionally unleashes powerful arcs of lightning upon striking a foe.
   These may arc to other adjacent creatures (including the wielder, but dealing
   reduced damage to them) before grounding out.
   rElec:     It insulates you from electricity.
Missiles
 J - 4 throwing nets
Armour
 s - a +3 leather armour of poison resistance (melded)
 C - the +2 shield of Resistance (worn) {rF++ rC++ Will++}
   (You found it in a bailey)

   rF:        It greatly protects you from fire.
   rC:        It greatly protects you from cold.
   Will:      It greatly increases your willpower.
 D - a scarf of shadows (worn)
 G - a +2 pair of boots (melded)
 L - a +0 pair of gloves (melded)
 U - a +1 cloak
Jewellery
 l - an amulet of the acrobat
 w - a +4 ring of evasion (left fist)
 A - the amulet "Yluydapaub" (around neck) {rElec Regen+ SInv}
   (You took it off a deep elf elementalist on level 3 of the Elven Halls)

   [amulet of regeneration]

   rElec:     It insulates you from electricity.
   SInv:      It lets you see invisible.
   Regen:     It increases your rate of health regeneration.
 H - a +4 ring of slaying (right fist)
 M - a +6 ring of strength
 V - a +6 ring of intelligence
Wands
 a - a wand of digging (7)
 q - a wand of flame (53)
 y - a wand of polymorph (33)
 E - a wand of acid (18)
 O - a wand of roots (25)
 P - a wand of mindburst (13)
 R - a wand of charming (18)
Scrolls
 f - 7 scrolls of magic mapping
 i - 11 scrolls of noise
 m - 10 scrolls of enchant armour
 n - 11 scrolls of teleportation
 o - 2 scrolls of silence
 p - 8 scrolls of poison
 r - 5 scrolls of summoning
 t - 8 scrolls of butterflies
 u - 5 scrolls of torment
 x - 3 scrolls of vulnerability
 z - 6 scrolls of immolation
 F - 7 scrolls of fear
 S - 6 scrolls of amnesia
 X - a scroll of brand weapon
Potions
 b - 2 potions of cancellation
 c - 28 potions of curing
 e - a potion of resistance
 g - 8 potions of might
 h - 11 potions of brilliance
 j - 8 potions of haste
 k - 4 potions of berserk rage
 v - 10 potions of attraction
 B - 8 potions of mutation
 I - 5 potions of ambrosia
 K - 6 potions of flight
 N - 2 potions of invisibility
 T - 3 potions of heal wounds


   Skills:
 + Level 23.0 Fighting
 - Level 14.0 Short Blades
 - Level 14.1 Armour
 - Level 8.0 Dodging
 - Level 7.0 Stealth
 - Level 4.0 Shields
 - Level 9.0 Spellcasting
 + Level 14.2 Conjurations
 - Level 12.0 Transmutations
 - Level 8.0 Fire Magic
 + Level 13.8 Earth Magic
 - Level 10.0 Poison Magic


You had 20 spell levels left.
You knew the following spells:

 Your Spells              Type           Power      Damage    Failure   Level
a - Sting                 Tmut/Pois      100%       1d8       1%          1
b - Ignite Poison         Fire/Tmut/Pois 63%        N/A       1%          3
c - Olgreb's Toxic Radia  Pois           63%        N/A       4%          4
d - Statue Form           Tmut/Erth      48%        N/A       19%         6
e - Iron Shot             Conj/Erth      37%        9d7       12%         6

Your spell library contained the following spells:

 Spells                   Type           Power      Damage    Failure   Level
 Beastly Appendage        Tmut           100%       N/A       1%          1
 Foxfire                  Conj/Fire      100%       2x1d9     1%          1
 Passwall                 Tmut/Erth      60%        N/A       1%          2
 Static Discharge         Conj/Air       52%        3-10/arc  1%          2
 Conjure Flame            Conj/Fire      66%        6-21      1%          3
 Spider Form              Tmut/Pois      66%        N/A       1%          3
 Petrify                  Tmut/Erth      72%        N/A       1%          4
 Flame Wave               Conj/Fire      66%        2d15      2%          4
 Sticky Flame             Conj/Fire      66%        2d8       2%          4
 Lee's Rapid Deconstruct  Erth           37%        3d20*     2%          5
 Irradiate                Conj/Tmut      36%        3d23      3%          5
 Poisonous Vapours        Pois/Air       82%        N/A       4%          2
 Dazzling Flash           Conj/Hex       100%       N/A       4%          3
 Blade Hands              Tmut           34%        N/A       4%          5
 Fulminant Prism          Conj/Hex       26%        3d14      13%         4
 Iskenderun's Mystic Bla  Conj/Tloc      52%        2d11      13%         4
 Inner Flame              Hex/Fire       35%        N/A       14%         3
 Animate Armour           Summ/Erth      100%       N/A       14%         4
 Leda's Liquefaction      Hex/Erth       25%        N/A       14%         4
 Apportation              Tloc           24%        N/A       24%         1
 Slow                     Hex            48%        N/A       24%         1
 Summon Small Mammal      Summ           48%        N/A       24%         1
 Blink                    Tloc           24%        N/A       36%         2
 Ensorcelled Hibernation  Hex/Ice        24%        N/A       36%         2
 Sublimation of Blood     Necr           12%        N/A       36%         2
 Lightning Bolt           Conj/Air       26%        1d42      36%         5
 Starburst                Conj/Fire      33%        6d10      36%         6
 Eringya's Noxious Bog    Tmut/Pois      33%        N/A       38%         6
 Yara's Violent Unravell  Hex/Tmut       23%        3d10      50%         5
 Call Canine Familiar     Summ           12%        N/A       58%         3
 Confusing Touch          Hex            12%        N/A       58%         3
 Lesser Beckoning         Tloc           12%        N/A       58%         3
 Portal Projectile        Hex/Tloc       24%        N/A       58%         3
 Summon Guardian Golem    Hex/Summ       12%        N/A       58%         3
 Swiftness                Air            12%        N/A       58%         3
 Tukima's Dance           Hex            12%        N/A       58%         3
 Vampiric Draining        Necr           12%        2d6       58%         3
 Freezing Cloud           Conj/Ice/Air   19%        6-21      69%         5
 Dragon Form              Tmut           34%        N/A       83%         7
 Anguish                  Hex/Necr       6%         N/A       94%         4
 Cause Fear               Hex            6%         N/A       94%         4
 Dispel Undead            Necr           12%        3d9       94%         4
 Passage of Golubria      Tloc           12%        N/A       94%         4
 Summon Ice Beast         Ice/Summ       12%        N/A       94%         4
 Summon Lightning Spire   Summ/Air       12%        N/A       94%         4
 Manifold Assault         Tloc           12%        N/A       100%        5
 Metabolic Englaciation   Hex/Ice        6%         N/A       100%        5
 Summon Forest            Summ/Tloc      6%         N/A       100%        5
 Summon Mana Viper        Hex/Summ       12%        N/A       100%        5
 Death Channel            Necr           6%         N/A       100%        6
 Enfeeble                 Hex            6%         N/A       100%        7
 Haunt                    Necr/Summ      6%         N/A       100%        7
 Malign Gateway           Summ/Tloc      6%         N/A       100%        7
 Ozocubu's Refrigeration  Ice            6%         4d8       100%        7
 Storm Form               Tmut/Air       23%        N/A       100%        7
 Summon Hydra             Summ           6%         N/A       100%        7
 Discord                  Hex            6%         N/A       100%        8
 Ignition                 Fire           27%        3d9       100%        8
 Infestation              Necr           6%         N/A       100%        8
 Maxwell's Capacitive Co  Air            6%         ∞         100%        8
 Dragon's Call            Summ           6%         N/A       100%        9
 Corpse Rot               Necr/Pois/Air  Unusable   N/A       N/A         4
 Animate Dead             Necr           Unusable   N/A       N/A         4

Dungeon Overview and Level Annotations

Branches:
Dungeon (15/15)            Temple (1/1) D:7            Lair (5/5) D:9
 Shoals (4/4) Lair:3       Spider (4/4) Lair:2        Slime (3/5) Lair:4
    Orc (2/2) D:11            Elf (3/3) Orc:2        Vaults (4/5) D:14
  Crypt (0/3) Vaults:2     Depths (4/4) D:15            Zot (0/5) Depths:4
 Bailey (visited)

Altars:
Ashenzari
Cheibriados
Dithmenos
Fedhas
Gozag
Hepliaklqana
Kikubaaqudgha
Makhleb
Nemelex Xobeh
Okawaru
Qazlal
Ru
Sif Muna
Trog
Uskayaw
Vehumet
Wu Jian
Xom
Yredelemnul
Jiyva

Shops:
D:2 *:(=   D:6 :   D:15 *[[   Orc:2 ([*(   Elf:1 !   Elf:2 *   Elf:3 ?([*!
Shoals:1 :   Shoals:3 *   Shoals:4 *   Vaults:4 :   Depths:1 [   Depths:4 *

Portals:
Hell: Depths:1 Depths:2 Depths:3 Depths:4
Abyss: Depths:4
Pandemonium: Depths:2
Ziggurat: Depths:1

Annotations:
Lair:5 1 runed translucent door, FexLirch's ghost, journeyman MeEE
Shoals:3 2 transporters, ctx's ghost, adept MeEE
Shoals:4 3 runed translucent doors, xian's ghost, adept TrGl
Orc:2 2 transporters, retardedninja's ghost, journeyman HOFi
Elf:2 3 runed translucent doors
Vaults:2 1 transporter


Innate Abilities, Weirdness & Mutations

You are a living statue of rough stone.
Your actions are slow, but your melee attacks are powerful.
You are resistant to unholy torment.
Your maximum health is greatly increased.
You are immune to poison.
Your equipment is partially melded.
You have a pair of large antennae on your head. (SInv)
(You are completely covered in yellow scales. (AC +4, rCorr))
A meltable icy envelope protects you from harm. (AC +4)
You are resistant to unholy torment.
A meltable shield of frost defends you. (SH +4)
Spells you cast may paralyse nearby enemies.
You punish those that try to bend your will. (Will+)


Message History

Okay, then.
You feel much better.
The azure jelly hits you but does no damage. x4
The azure jelly attacks as you move away!
The azure jelly barely misses you. You block the azure jelly's attack. x3
A shining eye comes into view.
The slime creature is no longer distracted by gold.
Blink to where?
Press: ? - help, Dir - move target
As you read the scroll of blinking, it crumbles to dust.
The shining eye turns its gaze towards you.
Aiming: Dig
Press: ? - help, Shift-Dir - straight line The slime shatters into small pieces.
Okay, then.
You are splashed with acid!
* * * LOW HITPOINT WARNING * * *
Unknown command.
You are splashed with acid!
* * * LOW HITPOINT WARNING * * *
Unknown command.
Blink to where?
Press: ? - help, Dir - move target
As you read the scroll of blinking, it crumbles to dust.
You are splashed with acid!!
* * * LOW HITPOINT WARNING * * *
Unknown command.
Aiming: Dig
Press: ? - help, Shift-Dir - straight line You can't see that place.
The slime shatters into small pieces.
You are splashed with acid!
* * * LOW HITPOINT WARNING * * *
You feel much better.
You are splashed with acid!
* * * LOW HITPOINT WARNING * * *
Unknown command.
You are splashed with acid!
* * * LOW HITPOINT WARNING * * *
You are splashed with acid!
You die...
Your body crumbles into a pile of gold.

#######..
##...####.
##..8..###.
#..........
#..<.<.....
#..........
###..8..###.
####..#
##...## #.
###8..#
##### #..
#.## #..####
#... .#.###
#.### #.#.
.....## #J#
#### .#....#
###J# #
.....####J.#
.....GJ....#
......J...##
..........#


You could see an azure jelly and a rockslime.

Vanquished Creatures
  A dread lich (Depths:3)
  3 juggernauts
  Saint Roka (Orc:2)
  6 caustic shrikes
  3 golden dragons
  A bone dragon (Depths:4)
  Rupert (Lair:3)
  4 tentacled monstrosities
  2 liches
  A walking earthen tome (Depths:2)
  2 deep elf master archers (Elf:3)
  2 deep elf blademasters (Elf:3)
  A walking divine tome (Depths:4)
  2 titans
  A quicksilver dragon (Depths:4)
  Polyphemus (Shoals:3)
  3 walking frostbound tomes (Depths:2)
  An acid blob (Slime:1)
  Kirke (D:13)
  Agnes (Spider:2)
  3 shadow dragons
  3 sphinxes
  A storm dragon (Depths:4)
  2 tengu reavers (Depths:3)
  Donald (Orc:2)
  A rockslime (Slime:1)
  A draconian monk (Depths:4)
  A revenant (Vaults:2)
  The ghost of croobank the Fighter, a journeyman DsCj of Gozag (Spider:1)
  2 azure jellies
  4 fire giants
  6 deep elf sorcerers
  7 frost giants
  13 vault wardens
  4 orc warlords
  4 ghost moths
  An angel (Depths:1)
  Louise (Spider:3)
  13 ironbound preservers
  3 emperor scorpions (Spider:4)
  10 stone giants
  A draconian scorcher (Depths:4)
  The ghost of Exagres the Frost Mage, a journeyman DgIE (Lair:4)
  A deep elf elementalist (Elf:3)
  A spriggan defender (Depths:2)
  3 broodmothers (Spider:2)
  A quicksilver ooze (Slime:2)
  22 very ugly things
  3 war gargoyles
  13 ironbound thunderhulks
  4 deep elf demonologists
  2 vampire knights (Depths:2)
  3 green draconians (Depths:4)
  A black draconian (Depths:4)
  6 entropy weavers
  10 deep elf annihilators (Elf:3)
  A white draconian (Depths:4)
  12 spark wasps
  A yellow draconian (Depths:4)
  15 dire elephants
  14 ettins
  A red draconian (Depths:4)
  2 crystal guardians
  6 deep elf death magi (Elf:3)
  8 merfolk impalers
  A jiangshi (Vaults:2)
  3 merfolk javelineers
  11 fire dragons
  6 deep elf high priests
  8 yaktaur captains
  5 great orbs of eyes
  3 catoblepae
  6 hydras
  2 hell beasts (Depths:1)
  7 vault guards
  11 ice dragons
  7 spriggan air magi
  8 ironbound frosthearts
  7 boulder beetles
  2 rakshasas
  4 peacekeepers
  4 radroaches
  5 jorogumos
  An alligator snapping turtle (Shoals:4)
  A satyr (Shoals:4)
  18 dancing weapons
  3 centaur warriors
  11 death yaks
  A merfolk aquamancer (Shoals:3)
  3 orc high priests
  4 two-headed ogres
  3 vampire magi
  5 hell hogs (Depths:1)
  7 death scarabs (Spider:4)
  4 deep troll shamans
  9 spriggan berserkers
  8 tengu warriors
  10 deep troll earth magi
  Urug (Orc:2)
  7 hell knights
  Nergalle (D:12)
  9 deep elf knights
  4 soul eaters (Depths:1)
  A sun demon (Depths:1)
  3 iron trolls
  A spark wasp zombie (Depths:3)
  A flayed ghost (Depths:1)
  52 deep trolls
  12 sea snakes
  7 pharaoh ants
  3 steelbarb worms
  A spriggan simulacrum (Depths:3)
  2 glowing orange brains
  9 orb spiders
  An orange crystal statue (Vaults:3)
  8 deep elf archers
  4 necromancers
  11 orc knights
  3 phantasmal warriors
  13 ironbound convokers
  8 lindwurms
  19 deep elf zephyrmancers
  9 wizards
  A broodmother zombie (Spider:4)
  An oklob plant (Shoals:4)
  A shadow dragon skeleton (Depths:3)
  3 spectral wolf spiders (Spider:4)
  28 harpies
  28 ugly things
  17 wolf spiders
  9 cyclopes
  A human zombie (Vaults:1)
  10 orc sorcerers
  15 fauns
  26 deep elf pyromancers
  A moth of wrath (shapeshifter) (Depths:2)
  16 manticores
  An elephant (Lair:5)
  7 merfolk sirens
  3 moths of wrath
  2 water nymphs
  3 black mambas
  A black mamba (shapeshifter) (D:14)
  2 gargoyles
  An ice statue (Shoals:4)
  An eye of devastation (Slime:1)
  2 smoke demons (Depths:1)
  15 vault sentinels
  6 cane toads
  5 demonic crawlers
  2 kobold demonologists
  13 komodo dragons
  2 torpor snails
  Maggie (D:6)
  2 rime drakes
  An efreet (D:14)
  33 yaktaurs
  A redback zombie (Spider:4)
  A freezing wraith (D:15)
  5 tengu conjurers
  4 spectral redbacks (Spider:4)
  15 meliai
  19 merfolk
  5 wind drakes
  2 yaktaur skeletons (Vaults:1)
  5 trolls
  5 spectral tarantellas (Spider:4)
  A tarantella zombie (Spider:4)
  21 tarantellas
  16 blink frogs
  An iron dragon simulacrum (Depths:3)
  4 spectral jumping spiders (Spider:4)
  3 polar bears
  15 hornets
  A tarantella (shapeshifter) (Elf:3)
  11 snapping turtles
  9 dream sheep
  3 spectral culicivoras (Spider:4)
  25 slime creatures
  Sigmund (D:5)
  13 jumping spiders
  A shadow (D:11)
  25 water elementals
  14 culicivoras
  14 spriggans
  3 air elementals
  A vampire (D:14)
  52 yaks
  4 wyverns
  Eustachio (D:4)
  3 fire elementals
  A wyvern (shapeshifter) (Depths:2)
  3 hogs (D:13)
  2 wraiths
  5 basilisks
  A steam dragon (D:9)
  A golden eye (Slime:2)
  5 vampire mosquitoes (D:14)
  45 redbacks
  Menkaure (D:4)
  7 wargs
  2 acid dragons
  13 water moccasins
  Duvessa (D:6)
  A floating eye (Depths:3)
  A sky beast (D:7)
  7 black bears
  41 orc warriors
  2 ice beasts
  9 ogres
  5 boggarts (Lair:5)
  39 wolves
  3 centaurs
  A kobold brigand (D:5)
  9 bullfrogs
  Blork the orc (D:4)
  2 earth elementals (Elf:3)
  A necrophage (D:5)
  4 gnoll sergeants
  A scorpion (D:7)
  An ogre simulacrum (Vaults:1)
  A human skeleton (Vaults:1)
  16 wights
  Dowan (D:6)
  15 killer bees
  4 electric eels
  8 howler monkeys
  A lava snake (D:14)
  2 hounds
  3 jellies
  24 orc priests
  4 gnoll boudas
  Jessica (D:3)
  Ijyb (D:3)
  3 iguanas
  39 orc wizards
  43 gnolls
  6 adders
  A shadow imp (D:6)
  2 ufetubi
  2 worms
  A dart slug (D:5)
  100 orcs
  10 endoplasms
  2 giant cockroaches
  24 goblins
  16 hobgoblins
  3 jackals (D:1)
  4 quokkas
  9 ball pythons
  6 bats
  4 frilled lizards
  7 kobolds
  4 rats
1776 creatures vanquished.

Vanquished Creatures (others)
  A storm dragon (Depths:4)
  A blink frog (Lair:5)
  A water elemental (Elf:1)
  8 fungi
  59 plants
  4 toadstools (D:1)
74 creatures vanquished.

Grand Total: 1850 creatures vanquished

Notes
Turn   | Place    | Note
-------+----------+-------------------------------------------
     0 | D:1      | growler the Demonspawn Wanderer began the quest for the
                  | Orb.
     0 | D:1      | growler set off with the following items: a +0 dagger, a +0
                  | helmet, a potion of curing, a +0 robe, a +0 buckler of
                  | protection; and the following spell memorised: Sting; and
                  | the following spells available to memorise: Ignite Poison.
     0 | D:1      | Reached XP level 1. HP: 15/15 MP: 3/3
   238 | D:1      | Reached skill level 1 in Poison Magic
   267 | D:1      | Gained mutation: Spells you cast may paralyse adjacent
                  | enemies. [demonic ancestry]
   267 | D:1      | Reached XP level 2. HP: 14/21 MP: 0/5
  1359 | D:2      | Gained mutation: A meltable shield of frost defends you.
                  | (SH +4) [demonic ancestry]
  1359 | D:2      | Reached XP level 3. HP: 24/26 MP: 1/7
  1562 | D:2      | Reached XP level 4. HP: 15/32 MP: 3/8
  1876 | D:2      | Found a faded altar of an unknown god.
  1876 | D:2      | Found Yda Come's Jewellery Emporium.
  1953 | D:2      | Found Mamusir's Book Shoppe.
  2126 | D:2      | Found Teurot's Antique Weapon Shoppe.
  2429 | D:2      | Found Kilaeca's Assorted Antiques.
  2654 | D:3      | Noticed Ijyb
  3076 | D:3      | Killed Ijyb
  3077 | D:3      | Reached XP level 5. HP: 17/37 MP: 4/10
  3300 | D:3      | Noticed Jessica
  3306 | D:3      | Killed Jessica
  3679 | D:4      | Noticed Eustachio
  3691 | D:4      | Killed Eustachio
  3692 | D:4      | Gained mutation: You have a pair of small antennae on your
                  | head. [demonic ancestry]
  3692 | D:4      | Reached XP level 6. HP: 41/43 MP: 6/12
  3880 | D:4      | Noticed Menkaure
  3931 | D:4      | Killed Menkaure
  4029 | D:4      | Noticed Blork the orc
  4049 | D:4      | Killed Blork the orc
  4050 | D:4      | Reached skill level 1 in Short Blades
  4050 | D:4      | Reached skill level 1 in Stealth
  4050 | D:4      | Gained mutation: You have a pair of antennae on your head.
                  | [demonic ancestry]
  4050 | D:4      | Reached XP level 7. HP: 36/48 MP: 8/13
  4168 | D:4      | You fall into a shaft and drop 2 floors!
  4176 | D:6      | Noticed Maggie
  4353 | D:5      | Entered Level 5 of the Dungeon
  4411 | D:5      | Noticed Sigmund
  4417 | D:5      | Killed Sigmund
  4418 | D:5      | Reached skill level 2 in Fighting
  4475 | D:5      | Gained mutation: You are partially covered in yellow
                  | scales. (AC +2) [demonic ancestry]
  4475 | D:5      | Reached XP level 8. HP: 57/57 MP: 11/14
  4488 | D:5      | Reached skill level 3 in Fighting
  4784 | D:4      | Found a snail-covered altar of Cheibriados.
  5051 | D:5      | Reached skill level 4 in Fighting
  5324 | D:5      | Reached skill level 5 in Fighting
  5547 | D:5      | Learned a level 3 spell: Ignite Poison
  5764 | D:5      | Reached skill level 6 in Fighting
  5906 | D:6      | Killed Maggie
  5907 | D:6      | Reached skill level 7 in Fighting
  5907 | D:6      | Gained mutation: A meltable icy envelope protects you from
                  | harm. (AC +4) [demonic ancestry]
  5907 | D:6      | Reached XP level 9. HP: 48/72 MP: 8/15
  6095 | D:6      | Found Suhyih's Vocational Training.
  6359 | D:6      | Reached skill level 1 in Fire Magic
  6424 | D:6      | Noticed Duvessa
  6424 | D:6      | Noticed Dowan
  6502 | D:6      | Killed Duvessa
  6503 | D:6      | Killed Dowan
  6573 | D:7      | Reached skill level 8 in Fighting
  6588 | D:7      | Found a staircase to the Ecumenical Temple.
  6601 | Temple   | Entered the Ecumenical Temple
  6892 | Temple   | Became a worshipper of Gozag Ym Sagoz the Greedy
  7116 | D:7      | Got the Atlas of the Grisly Voyage
  7132 | D:7      | Found a flagged portal.
  7150 | Bailey   | Entered a bailey
  7513 | Bailey   | Reached skill level 5 in Short Blades
  7662 | Bailey   | Noticed an orc knight
  7693 | Bailey   | Killed an orc knight
  7694 | Bailey   | Gained mutation: You punish those that try to bend your
                  | will. (Will+) [demonic ancestry]
  7694 | Bailey   | Reached XP level 10. HP: 69/80 MP: 8/16
  7814 | Bailey   | Noticed an orc knight
  7825 | Bailey   | Killed an orc knight
  7939 | Bailey   | Found an iron altar of Okawaru.
  7939 | Bailey   | Noticed an orc high priest
  7948 | Bailey   | Noticed a sun demon
  8190 | Bailey   | Found the +2 shield of Resistance {rF++ rC++ Will++}
  8204 | Bailey   | Killed an orc high priest
  8205 | Bailey   | Reached skill level 5 in Poison Magic
  8503 | Bailey   | Reached skill level 5 in Transmutations
  8503 | Bailey   | Reached skill level 5 in Fire Magic
  8511 | Bailey   | Reached XP level 11. HP: 86/86 MP: 14/17
  8608 | D:7      | Acquired a +5 quick blade
 10330 | D:9      | Noticed a five-headed hydra
 10412 | D:9      | Noticed a two-headed ogre
 10418 | D:9      | Killed a two-headed ogre
 10454 | D:9      | Found a staircase to the Lair.
 10531 | D:9      | Killed a five-headed hydra
 10538 | D:9      | Gained mutation: You are mostly covered in yellow scales.
                  | (AC +3) [demonic ancestry]
 10538 | D:9      | Reached XP level 12. HP: 52/92 MP: 9/18
 10810 | D:9      | Reached skill level 10 in Poison Magic
 11665 | D:10     | Entered Level 10 of the Dungeon
 12742 | D:11     | Noticed a two-headed ogre
 12752 | D:11     | Killed a two-headed ogre
 12977 | D:11     | Noticed a two-headed ogre
 12992 | D:11     | Killed a two-headed ogre
 13034 | D:11     | Found a staircase to the Orcish Mines.
 13929 | D:2      | Bought a Young Poisoner's Handbook for 200 gold pieces
 13934 | D:2      | Learned a level 4 spell: Olgreb's Toxic Radiance
 14057 | Lair:1   | Entered Level 1 of the Lair of Beasts
 14065 | Lair:1   | Reached skill level 5 in Spellcasting
 14266 | Lair:1   | Reached skill level 9 in Fighting
 14358 | Lair:1   | Identified the +8 quarterstaff of Disintegration {spect,
                  | *Rage Will++ Str+7}
 15319 | Lair:2   | Identified the +0 short sword of an ossuary {vorpal, Int+5}
 15509 | Lair:2   | Noticed a four-headed hydra
 15516 | Lair:2   | Killed a four-headed hydra
 15708 | Lair:2   | Found a hole to the Spider Nest.
 15798 | Lair:2   | Reached skill level 10 in Fighting
 15889 | Lair:2   | Noticed a four-headed hydra
 15903 | Lair:2   | Killed a four-headed hydra
 15923 | Lair:2   | Gained mutation: You are completely covered in yellow
                  | scales. (AC +4, rCorr) [demonic ancestry]
 15923 | Lair:2   | Reached XP level 13. HP: 103/103 MP: 15/23
 16655 | Lair:3   | Reached skill level 11 in Fighting
 16773 | Lair:3   | Acquired 1108 gold pieces
 17241 | Lair:3   | Reached skill level 5 in Stealth
 17380 | Lair:3   | Noticed Rupert
 17406 | Lair:3   | Killed Rupert
 17641 | Lair:3   | Found a staircase to the Shoals.
 17944 | Lair:3   | Found a runed translucent door.
 18341 | Lair:4   | Reached skill level 12 in Fighting
 18556 | Lair:4   | Found a runed translucent door.
 18556 | Lair:4   | Found a viscous altar of Jiyva.
 18556 | Lair:4   | Found a staircase to the Slime Pits.
 18756 | Lair:4   | Noticed Exagres's ghost (journeyman DgIE)
 18759 | Lair:4   | Found a runed translucent door.
 19332 | Lair:5   | Entered Level 5 of the Lair of Beasts
 19452 | Lair:5   | Reached skill level 13 in Fighting
 19734 | Lair:5   | Reached XP level 14. HP: 101/118 MP: 10/24
 19952 | Lair:5   | Found a runed translucent door.
 19958 | Lair:5   | Noticed FexLirch's ghost (journeyman MeEE)
 19959 | Lair:5   | Identified the +6 spear of Tuto {drain, Will+ Str+4}
 20309 | Lair:5   | Reached skill level 14 in Fighting
 20994 | Lair:5   | Reached skill level 15 in Fighting
 21398 | Orc:1    | Entered Level 1 of the Orcish Mines
 22168 | Orc:2    | Entered Level 2 of the Orcish Mines
 22168 | Orc:2    | Noticed Saint Roka
 22169 | Orc:2    | Noticed Urug
 22178 | Orc:2    | Killed Urug
 22188 | Orc:2    | Killed Saint Roka
 22189 | Orc:2    | Reached skill level 16 in Fighting
 22441 | Orc:2    | Noticed an orc warlord
 22465 | Orc:2    | Killed an orc warlord
 22978 | Orc:2    | Found a staircase to the Elven Halls.
 23056 | Orc:2    | Noticed Donald
 23066 | Orc:2    | Killed Donald
 23230 | Orc:2    | Found Ellist's General Store.
 23231 | Orc:2    | Found Yvysili's Antique Weapon Shoppe.
 23232 | Orc:2    | Found Yrod's Armour Emporium.
 23235 | Orc:2    | Found Moejueja's Weapon Emporium.
 23416 | Orc:2    | Found a transporter.
 23420 | Orc:2    | Noticed retardedninja's ghost (journeyman HOFi)
 23453 | Orc:2    | Found a transporter.
 24237 | D:12     | Noticed Nergalle
 24249 | D:12     | Killed Nergalle
 24250 | D:12     | Reached skill level 5 in Armour
 24618 | D:13     | Gained mutation: Spells you cast may paralyse nearby
                  | enemies. [demonic ancestry]
 24618 | D:13     | Reached XP level 15. HP: 118/132 MP: 14/25
 25102 | D:13     | Noticed Kirke
 25123 | D:13     | Killed Kirke
 26078 | D:14     | HP: 5/132 [+6 long sword (14)]
 26088 | D:14     | HP: 6/132 [+6 long sword (8)]
 26672 | D:14     | Found a gate to the Vaults.
 27320 | D:15     | Entered Level 15 of the Dungeon
 27495 | D:15     | Reached skill level 10 in Armour
 27633 | D:15     | Found a staircase to the Depths.
 28699 | D:15     | Bought the +3 crown of Dyrovepreva {rElec Int+2 SInv} for
                  | 745 gold pieces
 28699 | D:15     | Found the +3 crown of Dyrovepreva {rElec Int+2 SInv}
 28898 | Spider:1 | Entered Level 1 of the Spider Nest
 29838 | Spider:1 | Found a runed translucent door.
 29980 | Spider:1 | Noticed croobank's ghost (journeyman DsCj)
 30030 | Spider:1 | Killed croobank's ghost
 30036 | Spider:1 | Identified the +10 short sword of the Eel {vamp, Will-
                  | Int+2 Dex+2 Stlth+}
 30287 | Spider:2 | Reached XP level 16. HP: 139/139 MP: 15/26
 30706 | Spider:2 | Noticed Agnes
 30714 | Spider:2 | Killed Agnes
 32758 | Spider:2 | Identified the +7 quarterstaff "Acarineslayer" {vorpal,
                  | rElec Str+4 Stlth+}
 33117 | Spider:3 | Noticed Louise
 33388 | Spider:3 | Identified the +1 ring mail "Qaudoemi" {rElec rPois}
 33904 | Spider:3 | Killed Louise
 33946 | Spider:3 | Reached skill level 5 in Dodging
 34516 | Shoals:1 | Entered Level 1 of the Shoals
 34805 | Shoals:1 | Acquired 1126 gold pieces
 35010 | Shoals:1 | Found Onaudipn's Book Boutique.
 35265 | Shoals:1 | Bought a book of Sloth for 576 gold pieces
 35272 | Shoals:1 | Learned a level 6 spell: Statue Form
 35829 | Shoals:1 | Identified the +4 sling of Muvvy {vorpal, rElec rC+ rN+}
 35928 | Shoals:2 | Reached skill level 1 in Earth Magic
 36462 | Shoals:2 | Reached XP level 17. HP: 123/145 MP: 15/27
 36700 | Shoals:2 | Identified the +9 war axe of the Thirteen Knives {holy,
                  | rPois rN+ Str+4}
 37060 | Shoals:3 | Found Ezxuypae's General Store.
 37213 | Shoals:3 | Reached skill level 5 in Earth Magic
 38005 | Shoals:3 | Found a transporter.
 38016 | Shoals:3 | Noticed Polyphemus
 38039 | Shoals:3 | Killed Polyphemus
 38468 | Shoals:3 | Found a transporter.
 38522 | Shoals:3 | Noticed ctx's ghost (adept MeEE)
 38536 | Shoals:3 | Noticed a kraken
 39110 | Shoals:4 | Entered Level 4 of the Shoals
 39673 | Shoals:4 | Found a runed translucent gate.
 39673 | Shoals:4 | Found a runed translucent gate.
 39673 | Shoals:4 | Found a runed translucent gate.
 39677 | Shoals:4 | Noticed xian's ghost (adept TrGl)
 40431 | Shoals:4 | Identified the +4 rapier of Okher {chaos, MP+9}
 40526 | Shoals:4 | Found Nyhokhluo's Assorted Antiques.
 40775 | Shoals:4 | Identified the ring of Fixation {Ice rPois rN+ Dex+2}
 41391 | Shoals:4 | Got the Papyrus of Freezing Beckoning
 41581 | Shoals:4 | Got a barnacled rune of Zot
 41909 | Spider:4 | Entered Level 4 of the Spider Nest
 42856 | Spider:4 | Reached skill level 10 in Transmutations
 42856 | Spider:4 | Reached skill level 10 in Earth Magic
 43048 | Spider:4 | Reached XP level 18. HP: 141/142 MP: 28/28
 45549 | Spider:4 | Got a gossamer rune of Zot
 45911 | Elf:1    | Entered Level 1 of the Elven Halls
 46529 | Elf:1    | Got Fodue's Disquisition on the Legion
 46953 | Elf:1    | Found Bowk's Distillery.
 47543 | Elf:2    | Found Peamubb's General Store.
 47661 | Elf:2    | Found a runed translucent gate.
 47661 | Elf:2    | Found a runed translucent gate.
 47664 | Elf:2    | Found a runed translucent gate.
 47754 | Elf:3    | Entered Level 3 of the Elven Halls
 47755 | Elf:3    | Found Fidwosh's Distillery.
 47782 | Elf:3    | Found Taxetukk's Antique Armour Emporium.
 47971 | Elf:3    | Found Itefoemn's Magic Scroll Shoppe.
 48037 | Elf:3    | Bought a scroll of acquirement for 780 gold pieces
 48037 | Elf:3    | Acquired 664 gold pieces
 48166 | Elf:3    | Found Qisusch's Weapon Shop.
 48177 | Elf:3    | Found Sycwola's Assorted Antiques.
 48224 | Elf:3    | Paralysed by an air elemental for 1 turns
 48550 | Elf:3    | Paralysed by an air elemental for 1 turns
 48916 | Elf:3    | Noticed a Tzitzimitl
 48919 | Elf:3    | Noticed a Brimstone Fiend
 49174 | Elf:3    | Reached skill level 17 in Fighting
 49176 | Elf:3    | Reached XP level 19. HP: 65/158 MP: 11/31
 49423 | Elf:3    | Identified the amulet "Yluydapaub" {rElec Regen+ SInv}
 49909 | Elf:3    | Identified the ring "Hocyfimi" {*Corrode Str+2 Int+7 Dex+6}
 50082 | Elf:3    | Identified the +3 scimitar of Ravage {protect, rPois}
 50151 | Elf:3    | Identified the +8 mace "Nealum Sups" {pain, rElec Will-
                  | Stlth+}
 50151 | Elf:3    | Identified the +2 plate armour of the Vacuum {rCorr}
 50288 | Elf:3    | Identified the ring "Nuid Vid" {Ice Str+2 Int+2}
 50437 | Elf:3    | Identified the +3 scale mail of the Equator {rF++ Str+2}
 50475 | Elf:3    | HP: 4/163 [deep elf annihilator/crystal spear (49)]
 50651 | Elf:3    | Got Nech's Quarto of Vexing Fire
 50666 | Elf:3    | Got the Excursus on Generation and Intoxication
 50704 | Elf:3    | Reached skill level 18 in Fighting
 50975 | Vaults:1 | Entered Level 1 of the Vaults
 51844 | Vaults:1 | Acquired 644 gold pieces
 52793 | Vaults:2 | Found a staircase to the Crypt.
 52913 | Vaults:2 | Found a transporter.
 53056 | Vaults:2 | Reached skill level 10 in Short Blades
 53057 | Vaults:2 | Reached skill level 19 in Fighting
 53697 | Vaults:2 | Reached XP level 20. HP: 174/174 MP: 16/33
 55254 | Vaults:3 | Reached skill level 20 in Fighting
 55899 | Vaults:3 | Identified the +1 robe of Luihusej {Rampage rC+ Will+}
 56680 | Vaults:4 | Reached XP level 21. HP: 184/184 MP: 34/34
 57892 | Vaults:4 | Found Efotz's Book Boutique.
 57900 | Vaults:4 | Reached skill level 21 in Fighting
 57929 | Vaults:4 | Gained mutation: You have a pair of large antennae on your
                  | head. (SInv) [demonic ancestry]
 57929 | Vaults:4 | Reached XP level 22. HP: 194/194 MP: 29/35
 58914 | Lair:4   | Killed Exagres's ghost
 58998 | Lair:3   | Learned a level 6 spell: Iron Shot
 59199 | Depths:1 | Entered Level 1 of the Depths
 59199 | Depths:1 | Found a one-way gateway to a ziggurat.
 59227 | Depths:1 | Reached skill level 1 in Conjurations
 59948 | Depths:1 | Reached skill level 22 in Fighting
 59948 | Depths:1 | Reached skill level 5 in Conjurations
 60260 | Depths:1 | Found the +11 plutonium sword {Contam Stlth-}
 60565 | Depths:1 | Found a gateway to Hell.
 60788 | Depths:1 | Found Jythith's Antique Armour Emporium.
 61407 | Depths:2 | Noticed a juggernaut
 61415 | Depths:2 | Killed a juggernaut
 61557 | Depths:2 | Noticed a golden dragon
 61628 | Depths:2 | Killed a golden dragon
 61629 | Depths:2 | Reached skill level 10 in Conjurations
 62035 | Depths:2 | Identified the +9 quarterstaff of the Mushroom {venom, rN+}
 62233 | Depths:2 | Noticed a caustic shrike
 62241 | Depths:2 | Killed a caustic shrike
 62326 | Depths:2 | Found a one-way gate leading to the halls of Pandemonium.
 62366 | Depths:2 | Noticed a caustic shrike
 62387 | Depths:2 | Killed a caustic shrike
 62516 | Depths:2 | Identified the +1 ring mail of the Endless Expanse {rF++
                  | Int-5 Dex+6}
 62518 | Depths:2 | Got Sif Muna's Incunabulum of the Inferno and Shapeshifting
 62828 | Depths:2 | Gained mutation: You are resistant to unholy torment.
                  | [demonic ancestry]
 62828 | Depths:2 | Reached XP level 23. HP: 159/203 MP: 25/36
 63142 | Depths:2 | Noticed a juggernaut
 63150 | Depths:2 | Killed a juggernaut
 64492 | Depths:3 | Paralysed by a floating eye for 4 turns
 64638 | Depths:3 | Noticed a dread lich
 64655 | Depths:3 | Killed a dread lich
 64669 | Depths:3 | Paralysed by a floating eye for 3 turns
 64676 | Depths:3 | Paralysed by a floating eye for 2 turns
 64679 | Depths:3 | Paralysed by a floating eye for 4 turns
 64821 | Depths:4 | Entered Level 4 of the Depths
 64821 | Depths:4 | Noticed a juggernaut
 64826 | Depths:4 | Killed a juggernaut
 64894 | Depths:4 | Found a one-way gate to the infinite horrors of the Abyss.
 64965 | Depths:4 | Noticed a caustic shrike
 64966 | Depths:4 | Noticed a caustic shrike
 64969 | Depths:4 | Noticed a caustic shrike
 64970 | Depths:4 | Killed a caustic shrike
 64971 | Depths:4 | Killed a caustic shrike
 64972 | Depths:4 | Noticed a caustic shrike
 64980 | Depths:4 | Killed a caustic shrike
 64982 | Depths:4 | Killed a caustic shrike
 65440 | Depths:4 | Found Atecvoy's Assorted Antiques.
 65808 | Depths:4 | Bought a scroll of acquirement for 1820 gold pieces
 65808 | Depths:4 | Acquired 532 gold pieces
 66310 | Depths:4 | Found a gate to the Realm of Zot.
 66994 | Slime:1  | Entered Level 1 of the Pits of Slime
 66999 | Slime:1  | Reached skill level 23 in Fighting
 67259 | Slime:2  | HP: 4/267 [rockslime (24)]
 67275 | Slime:2  | HP: 12/267 [acid (14)]
 67278 | Slime:2  | Splashed with acid

Illustrated notes

Levels and vault maps discovered:
D:1:      dpeg_arrival_more_subterranean_lakeside_camping, layout_basic,
          minmay_gold_behind_fungi
D:2:      layout_loops_cross, dreamdust_ecumenical_altar_angels_and_demons,
          serial_shops, nicolae_shop_hallway_plus, nicolae_shop_hallway_plus,
          shop_statue, shop, patterned_corridor
D:3:      minmay_skewed_foursquare, layout_basic, uniq_jessica, uniq_ijyb
D:4:      layout_rooms, mainiacjoe_overflow_alcove_2, minmay_unequal,
          uniq_menkaure, uniq_eustachio, uniq_blork_the_orc
D:5:      layout_basic, uniq_sigmund
D:6:      layout_rooms, nicolae_shop_vocational, uniq_maggie, uniq_duvessa
D:7:      layout_basic, temple_fountains, enter_bailey_5,
          chequers_decorated_corner, nicolae_figureground_sparkle
D:8:      layout_rooms
D:9:      layout_loops_ring, erik_lair_orcish_takeover
D:10:     layout_basic
D:11:     layout_small_grid, david_orc_5
D:12:     layout_loops_ring, dreamdust_wasp_nest, uniq_nergalle
D:13:     layout_basic, minmay_quadrilaterals, uniq_kirke
D:14:     layout_rooms, erik_vaults_1, kennysheep_cross_room
D:15:     hangedman_depths_entry_civil_slaughter, layout_gridville,
          minmay_stone_trees_small
Temple:   roderic_octagonal_lattice_temple
Lair:1:   layout_small_grid, beast_lair_carwin_8, lemuel_fruit_tree,
          grunt_megastairs_4
Lair:2:   layout_hall_layers, spider_nest_entry_web_field
Lair:3:   layout_layer_cave, minmay_shoals_entry_hut, gauntlet_entry_generic,
          pf_torpor_hydra, serial_bayou_shore_a, grunt_megastairs_1, uniq_rupert
Lair:4:   layout_gridlike, slime_entry_2, hellmonk_ghost_happy_afterlife
Lair:5:   minmay_lair_end_enchanted_forest, layout_cave_shapes,
          ebering_ghost_funeral_grove, infiniplex_staircase_pool
Shoals:1: layout_shoals, serial_shops, shop_fountains
Shoals:2: layout_shoals, nicolae_shoals_circle_sea_wall
Shoals:3: layout_shoals, ebering_ghost_davey_jones, serial_shops,
          nicolae_square_shop, uniq_polyphemus
Shoals:4: shoals_end_grunt_ice, layout_shoals,
          portal_ice_cave_entry_ice_statue_one, serial_shops,
          nicolae_shop_overgrown_old_shop, gammafunk_ghost_tricky_traps,
          lemuel_oklob_altar
Spider:1: cheibrodos_forgotten_conduit, ebering_ghost_reflecting_pool
Spider:2: layout_cave_pods, nicolae_spider_some_kinda_spiderbox, uniq_agnes
Spider:3: layout_cave_pods, uniq_louise
Spider:4: floodkiller_spider_rune_tomb
Slime:1:  layout_caves
Slime:2:  cheibrodos_slime_lost_civilization_2, layout_caves, special_room
          [special_room_jelly], cheibrodos_slime_lost_civilization_7
Slime:3:  layout_caves, basic_altar
Orc:1:    layout_caves
Orc:2:    st_orc_mages, layout_caves, gammafunk_ghost_berserking_beasts,
          mines_bat_river, uniq_donald, uniq_saint_roka, uniq_urug
Elf:1:    eino_elf_arrival_shootout, layout_geoelf_octagon, serial_shops,
          nicolae_take_the_stairs, minmay_elf_demonology, st_stairs_14,
          kb_rosetta
Elf:2:    nicolae_elf_blades_splatter_lattice
          [nicolae_blade_entry_floor_patterns], layout_rooms, serial_shops,
          nicolae_shop_statue_plus, minivault_25
Elf:3:    minmay_elf_hall_statues, layout_loops_cross, serial_shops, shop, shop,
          shop, shop, shop
Vaults:1: nicolae_vaults_network_periphery, grunt_vaults_diagonal,
          hangedman_vaults_corner_blocks, vaults_room_grunt_arrival_ludios,
          vaults_room_fours, layout_vaults_quadrants
Vaults:2: ontoclasm_vaults_fault, nicolae_vaults_ninety_degrees,
          grunt_vaults_hallway_short, v_pattern_5, hangedman_vaults_stitches,
          emtedronai_trogs_sanctum, minmay_crypt_entry_simple_round,
          hangedman_vaults_nodes, ontoclasm_vaults_spin, vaults_dpeg_hooks,
          hangedman_vaults_slice, layout_vaults_maze_bifur
Vaults:3: portal_desolation_entry_ruin, nicolae_vaults_statue_guard,
          nicolae_vaults_border_crossing, hangedman_vaults_stretched_pinwheel,
          v_pattern_3, v_misc_29, v_misc_28, grunt_vaults_swirl,
          ontoclasm_vaults_hangar, nicolae_vaults_little_squares_3,
          nicolae_vaults_big_ls, layout_vaults_chaotic_city
Vaults:4: v_rooms_2, nicolae_vaults_alarming, v_misc_26, grunt_vaults_focal,
          ontoclasm_vaults_hangar, v_misc_27, v_pattern_1,
          ontoclasm_vaults_gateway, vaults_room_stairs_pillars,
          layout_vaults_omnicross, serial_glass, serial_shops,
          nicolae_shop_hallway_plus
Depths:1: layout_gridlike, enter_ziggurat_f, hellmouth_2, serial_shops,
          kennysheep_mini_moat, nrook_mini_vaults, st_stairs_9,
          grunt_decor_mini_mirrors, serial_bayou_shore_b
Depths:2: box_level_dp, hell_entry, pan_entry
Depths:3: nzn_winding_woodlands_stair_cross [nzn_winding_woodlands_5x15_pockets,
          nzn_winding_woodlands_center_garden,
          nzn_winding_woodlands_5x15_parted, nzn_winding_woodlands_5x5_cross,
          nzn_winding_woodlands_5x5_checkerboard,
          nzn_winding_woodlands_5x15_longhouse,
          nzn_winding_woodlands_center_diamonds,
          nzn_winding_woodlands_5x15_pathside_ponds], layout_gridlike,
          hell_entry, abyss_entry, minmay_tree_intersection
Depths:4: grunt_zot_entry_gee_three, layout_gridlike, serial_shops, shop,
          nrook_uturn, hell_entry, abyss_entry_glasseish, serial_bayou_shore_b

Skill      XL: |  1  2  3  4  5  6  7  8  9 10 11 12 13 14 15 16 17 18 19 20 21 22 23 |
---------------+----------------------------------------------------------------------+-----
Poison Magic   | 1 2 3 4 7 9 10 | 10.0
Spellcasting   | 3 4 6 7 8 9 |  9.0
Transmutations | 3 4 7 8 10 12 | 12.0
Short Blades   | 1 3 6 8 10 13 14 | 14.0
Stealth        | 1 3 7 |  7.0
Fighting       | 2 7 8 10 13 16 17 19 20 21 22 23 | 23.0
Shields        | 2 4 |  4.0
Fire Magic     | 4 7 8 |  8.0
Armour         | 5 12 14 | 14.1
Dodging        | 7 8 |  8.0
Earth Magic    | 3 10 12 13 | 13.8
Conjurations   | 12 14 | 14.2

Action                   |  1- 3 |  4- 6 |  7- 9 | 10-12 | 13-15 | 16-18 | 19-21 | 22-24 || total
-------------------------+-------+-------+-------+-------+-------+-------+-------+-------++-------
Melee: Dagger            |    65 |   120 |   213 |    18 |       |       |       |       ||   416
       Quick blade       |       |       |       |   449 |  1224 |  1857 |   150 |       ||  3680
       Rapier            |       |       |       |       |       |       |   493 |   968 ||  1461
 Cast: Sting             |    33 |    59 |   145 |   274 |     6 |       |       |       ||   517
       Ignite Poison     |       |       |       |     3 |    63 |   111 |    72 |    29 ||   278
       Olgreb's Toxic Ra |       |       |       |     6 |    81 |   119 |    93 |    41 ||   340
       Statue Form       |       |       |       |       |       |     1 |    15 |    40 ||    56
       Iron Shot         |       |       |       |       |       |       |       |     2 ||     2
Invok: Potion Petition   |       |       |       |       |     3 |     2 |     2 |     4 ||    11
       Call Merchant     |       |       |       |       |     2 |       |       |     1 ||     3
Evoke: Wand              |       |       |     3 |       |       |     7 |       |     4 ||    14
  Use: Scroll            |       |       |     8 |    12 |    11 |     7 |     5 |    10 ||    53
       Potion            |       |       |       |     1 |     1 |       |     2 |    12 ||    16
 Stab: Paralysed         |    11 |    38 |    76 |   132 |    51 |    49 |    38 |    31 ||   426
       Sleeping          |     2 |       |     3 |     3 |    21 |    23 |    12 |    13 ||    77
       Distracted        |       |       |     1 |     2 |    14 |     5 |     7 |     8 ||    37
       Petrified         |       |       |       |       |       |     2 |       |       ||     2
       Invisible         |       |       |       |       |       |       |       |     1 ||     1
Armor: Robe              |    12 |    21 |       |       |       |       |       |       ||    33
       Leather armour    |       |     7 |    66 |    96 |   200 |   433 |   118 |   108 ||  1028
       Skin              |       |       |       |       |       |    43 |    94 |   450 ||   587
Dodge: Dodged            |    35 |    52 |    85 |   143 |   268 |   794 |   302 |   634 ||  2313
Block: Buckler           |    17 |    53 |    85 |    14 |       |       |       |       ||   169
       Kite shield       |       |       |       |   321 |   501 |  1142 |   415 |   745 ||  3124
